 Dungeon Crawl Stone Soup version 0.27-a0-1273-gec92ba881d (webtiles) character file.

Game seed: 6572602871698958753

100 mordus the Poker (level 4, -2/40 HPs)
             Began as a Draconian Monk on June 11, 2021.
             Slain by a water moccasin (5 damage)
             ... on level 2 of the Dungeon.
             The game lasted 00:04:05 (2249 turns).

mordus the Poker (Draconian Monk)                   Turns: 2249, Time: 00:04:06

Health: -2/40      AC:  5    Str: 14    XL:     4   Next: 47%
Magic:  4/4        EV: 13    Int: 11    God:
Gold:   64         SH:  0    Dex: 13    Spells: 3/3 levels left

rFire    . . .     SeeInvis .   a - +0 spear
rCold    . . .     Faith    .   (no shield)
rNeg     . . .     Spirit   .   (armour unavailable)
rPois    .         Reflect  .   (helmet restricted)
rElec    .         Harm     .   (no cloak)
rCorr    .         Rampage  .   (no gloves)
Will     .....                  (no boots)
Stlth    ++........             (no amulet)
HPRegen  0.13/turn              (no ring)
MPRegen  0.09/turn              (no ring)

@: no status effects
A: AC +5, unfitting armour, cold-blooded
a: no special abilities


You were on level 2 of the Dungeon.
You visited 1 branch of the dungeon, and saw 3 of its levels.

You collected 64 gold pieces.

Inventory:

Hand Weapons
 a - a +0 spear (weapon)
Scrolls
 b - 4 scrolls of identify {unknown}
 c - a scroll of summoning {unknown}
 e - 2 scrolls of teleportation {unknown}
 h - a scroll of amnesia {unknown}
 i - a scroll of silence {unknown}
Potions
 d - a potion of berserk rage {unknown}
 f - a potion of curing {unknown}
 g - a potion of lignification {unknown}
 j - a potion of haste {unknown}


   Skills:
 + Level 4.0 Fighting
 * Level 4.3 Polearms
 + Level 3.3 Dodging
 - Level 1.7 Stealth


You had 3 spell levels left.
You didn't know any spells.
Your spell library was empty.

Dungeon Overview and Level Annotations

Branches:
Dungeon (3/15)

Altars:

Shops:
D:3 (


Innate Abilities, Weirdness & Mutations

Your plain brown scales are hard. (AC +5)
You cannot fit into any form of body armour.
You are cold-blooded and may be slowed by cold attacks.


Message History

You are no longer poisoned.
The water moccasin bites you.
You closely miss the adder. You tail-slap the adder.
You kill the adder!
The water moccasin bites you.
You are poisoned.
The water moccasin poisons you!
* * * LOW HITPOINT WARNING * * *
You feel very sick.
You feel sick.
You feel sick.
The water moccasin completely misses you.
You feel sick.
You feel sick.
You feel sick. The water moccasin closely misses you.
Really walk into that dispersal trap?
You enter a dispersal trap!
The water moccasin blinks!
You blink.
You feel sick.
You feel sick.
You are no longer poisoned.
The water moccasin closely misses you. The jelly completely misses you.
The water moccasin bites you but does no damage.
An endoplasm comes into view.
The water moccasin barely misses you.
The endoplasm moves out of view.
The howler monkey hoots and howls with incredible vigour!
You hear an angry hiss. x2
The howler monkey hoots and howls with incredible vigour!
The water moccasin closely misses you.
There is a stone staircase leading up here.
The water moccasin bites you.
* * * LOW HITPOINT WARNING * * *
The water moccasin closely misses you.
You climb upwards.
There is a stone staircase leading down here.
The water moccasin barely misses you.
The water moccasin bites you but does no damage.
The water moccasin bites you but does no damage.
The water moccasin bites you.
You die...

.......#########..>....# #.
.####.........##.####### #.
.......######.##.# #. ######.#
#.##.# #. .......# #.##.# #.
######## #.##.# #. # #.##.# #. #
#.##S# #.
#############.##@####### #.
.......................#########.
######################........)..
############


You could see a water moccasin.

Vanquished Creatures
  A gnoll (D:1)
  3 adders
  A worm (D:2)
  5 ball pythons
  5 endoplasms
  A giant cockroach (D:1)
  5 goblins
  5 hobgoblins
  9 jackals (D:1)
  3 quokkas
  3 bats
  3 frilled lizards
  6 kobolds
  4 rats
54 creatures vanquished.

Notes
Turn   | Place    | Note
-------+----------+-------------------------------------------
     0 | D:1      | mordus the Draconian Monk began the quest for the Orb.
     0 | D:1      | Reached XP level 1. HP: 19/19 MP: 1/1
   198 | D:1      | Reached XP level 2. HP: 26/26 MP: 2/2
   365 | D:1      | Found a faded altar of an unknown god.
   496 | D:1      | Reached XP level 3. HP: 8/33 MP: 3/3
  1629 | D:2      | Reached XP level 4. HP: 29/40 MP: 4/4
  2177 | D:3      | Noticed a water moccasin
  2178 | D:3      | Found Ahymm's Weapon Boutique.
  2181 | D:3      | Noticed an ogre
  2239 | D:3      | HP: 2/40 [water moccasin (3)]
  2249 | D:2      | Slain by a water moccasin

Illustrated notes

Levels and vault maps discovered:
D:1:      onia_arrival_pentagram, layout_loops_ring,
          ebering_ecumenical_altar_hall
D:2:      layout_loops_ring, hangedman_decor_slide_cut, minmay_misc_feat_hallway
D:3:      layout_rooms, nicolae_overflow_crystal_walls, zin_statuary,
          serial_shops, nicolae_shop_stone

Skill      XL: |  1  2  3  4 |
---------------+-------------+-----
Dodging        | 3 |  3.3
Polearms       | 4 |  4.3
Fighting       | 4 |  4.0
Stealth        | |  1.7

Action                   |  1- 3 |  4- 6 || total
-------------------------+-------+-------++-------
Melee: Spear             |   177 |    50 ||   227
       Tailslap          |    22 |     5 ||    27
 Stab: Sleeping          |     8 |       ||     8
Armor: Skin              |    37 |    18 ||    55
Dodge: Dodged            |    86 |    40 ||   126

Table legend: (Time is in decaauts)
 A = Elapsed time spent in this place.
 B = Non-inter-level travel time spent in this place.
 C = Inter-level travel time spent in this place.
 D = Time resting spent in this place.
 E = Time spent auto-exploring this place.
 F = Levels seen in this place.
 G = Mean time per level.
                   A        B        C        D        E       F      G
               +--------+--------+--------+--------+--------+-----+--------+
         Total |   2231 |   2173 |     58 |    290 |   1477 |   3 |  743.7 |
       Dungeon |   2231 |   2173 |     58 |    290 |   1477 |   3 |  743.7 |
               +--------+--------+--------+--------+--------+-----+--------+

Top non-repeatable levels by time:
     D:1: 1334 daAuts
     D:2: 829 daAuts
     D:3: 67 daAuts
